 Dungeon Crawl Stone Soup version 0.30-a0-43-gbbf338a72c (webtiles) character file.

Game seed: 3514635949039426039

2204 porpoise the Zephyrmancer (level 9, -15/48 HPs)
             Began as a Tengu Air Elementalist on Sept 1, 2022.
             Was a Follower of Hepliaklqana.
             Demolished by a two-headed ogre
             ... wielding a +0 giant club
              (23 damage)
             ... on level 6 of the Dungeon.
             The game lasted 00:45:15 (7988 turns).

porpoise the Zephyrmancer (Tengu Air Elementalist)  Turns: 7988, Time: 00:45:16

Health: -15/48     AC:  6    Str:  8    XL:     9   Next: 34%
Magic:  22/35      EV: 14    Int: 21    God:    Hepliaklqana [*.....]
Gold:   174        SH:  0    Dex: 22    Spells: 11/18 levels left

rFire   . . .      SeeInvis +    a - +0 quarterstaff
rCold   . . .      Faith    .    (shield currently unavailable)
rNeg    . . .      Spirit   .    D - +1 leather armour of the Puckish God {Dex+8 SInv Stlth-}
rPois   .          Reflect  .    f - +1 hat
rElec   .          Harm     .    (no cloak)
rCorr   .          Rampage  .    g - +0 pair of gloves
Will    .....                    (boots unavailable)
Stlth   +.........               s - amulet of regeneration
HPRegen 0.96/turn                d - ring of magical power
MPRegen 0.24/turn                j - ring of magical power

@: flying quickly and evasively, quick
A: reduced essence, beak, talons 3, nimble flight
a: Renounce Religion, Recall Ancestor, Ancestor Identity


You were on level 6 of the Dungeon.
You worshipped Hepliaklqana.
Hepliaklqana was aware of your devotion.
You visited 2 branches of the dungeon, and saw 7 of its levels.

You collected 321 gold pieces.
You spent 147 gold pieces at shops.

Inventory:

Hand Weapons
 a - a +0 quarterstaff (weapon)
 b - a +2 shortbow of flaming
 M - a +2 dagger of speed
Missiles
 m - 6 boomerangs
 t - 8 poisoned darts (quivered)
 K - a throwing net
Armour
 f - a +1 hat (worn)
 g - a +0 pair of gloves (worn)
 i - a +0 robe
 D - the +1 leather armour of the Puckish God (worn) {Dex+8 SInv Stlth-}
   (You found it on level 5 of the Dungeon)

   Dex:       It affects your dexterity (+8).
   SInv:      It lets you see invisible.
   Stlth:     It makes you less stealthy.
 F - a +2 robe of cold resistance
 J - +0 acid dragon scales
Jewellery
 d - a ring of magical power (left hand)
 j - a ring of magical power (right hand)
 p - an amulet of guardian spirit
 s - an amulet of regeneration (around neck)
Wands
 o - a wand of paralysis (4)
 q - a wand of flame (23)
Scrolls
 c - a scroll of magic mapping
 k - a scroll of enchant armour {unknown}
 u - 3 scrolls of teleportation
 v - 6 scrolls of amnesia
 w - 2 scrolls of fear {unknown}
 y - a scroll of enchant weapon {unknown}
 A - a scroll of blinking
 B - a scroll of poison {unknown}
 C - a scroll of torment {unknown}
 E - a scroll of fog {unknown}
 G - a scroll of noise {unknown}
 I - a scroll of silence {unknown}
 L - a scroll of identify
Potions
 e - 2 potions of attraction {unknown}
 h - 3 potions of heal wounds
 l - 3 potions of curing
 r - 2 potions of mutation {unknown}
 x - 3 potions of haste {unknown}
 z - 4 potions of lignification
 H - a potion of magic


   Skills:
 - Level 5.0 Fighting
 - Level 2.1 Dodging
 - Level 2.0 Stealth
 - Level 5.0 Spellcasting
 - Level 7.0 Conjurations
 + Level 9.7 Air Magic
 + Level 3.8 Invocations


You had 11 spell levels left.
You knew the following spells:

 Your Spells              Type           Power      Damage    Failure   Level
a - Shock                 Conj/Air       100%       1d9       1%          1
b - Static Discharge      Conj/Air       80%        3-8/arc   1%          2
c - Airstrike             Air            23%        2d(4-20)  2%          4

Your spell library contained the following spells:

 Spells                   Type           Power      Damage    Failure   Level
 Swiftness                Air            46%        N/A       1%          3
 Slow                     Hex            20%        N/A       16%         1
 Ensorcelled Hibernation  Hex/Ice        10%        N/A       24%         2
 Passwall                 Tmut/Erth      4%         N/A       24%         2
 Confusing Touch          Hex            5%         N/A       43%         3
 Vampiric Draining        Necr           5%         2d6       43%         3


Dungeon Overview and Level Annotations

Branches:
Dungeon (6/15)             Temple (1/1) D:5

Altars:
Ashenzari
Cheibriados
Dithmenos
Fedhas
Gozag
Hepliaklqana
Kikubaaqudgha
Makhleb
Nemelex Xobeh
Okawaru
Qazlal
Trog
Uskayaw
Vehumet
Wu Jian
Xom
Yredelemnul
Zin
The Shining One

Shops:
D:4 ?   D:6 **

Annotations:
D:6 Sigmund


Innate Abilities, Weirdness & Mutations

Your life essence is reduced to manifest your ancestor. (-10% HP)
You have a beak for a mouth.
You have claws for feet.
Your magical nature lets you fly swiftly and evasively.


Message History

Casting: Shock (safe; 1% risk of failure)
Confirm with . or Enter, or press ? or * to list all spells.
Aiming: Airstrike (dangerous; 2% risk of failure)
Press: ? - help, Dir - move target, f - two-headed ogre
Aim: a two-headed ogre, wielding a +0 giant club and a +0 giant spiked club (wandering, hasn't noticed you, empty space bonus: 5/8)
The air twists around and strikes the two-headed ogre.
The two-headed ogre is lightly wounded.
Unknown command.
Casting: Airstrike (dangerous; 2% risk of failure)
Confirm with . or Enter, or press ? or * to list all spells.
Aiming: Airstrike (dangerous; 2% risk of failure)
Press: ? - help, Dir - move target, f/p - two-headed ogre
Aim: a two-headed ogre, wielding a +0 giant club and a +0 giant spiked club (lightly wounded, ally target, empty space bonus: 4/8)
The air twists around and strikes the two-headed ogre.
The two-headed ogre is lightly wounded.
Unknown command.
Casting: Airstrike (dangerous; 2% risk of failure)
Confirm with . or Enter, or press ? or * to list all spells.
Nikki avoids your attack.
The two-headed ogre is struck by an arc of lightning.
The two-headed ogre is lightly wounded.
You are struck by an arc of lightning.
Nikki avoids your attack.
The two-headed ogre hits you with a +0 giant club!
The two-headed ogre hits you with a +0 giant spiked club.
Casting: Static Discharge (safe; 1% risk of failure)
Confirm with . or Enter, or press ? or * to list all spells.
The two-headed ogre is struck by an arc of lightning!
The two-headed ogre is moderately wounded.
You are struck by an arc of lightning.
The lightning grounds out.
Unknown command.
Casting: Static Discharge (safe; 1% risk of failure)
Confirm with . or Enter, or press ? or * to list all spells.
Nikki avoids your attack.
The two-headed ogre is struck by an arc of lightning!
The two-headed ogre is heavily wounded.
You are struck by an arc of lightning.
Nikki avoids your attack.
The two-headed ogre hits you with a +0 giant club!!
* * * LOW HITPOINT WARNING * * *
The two-headed ogre hits you with a +0 giant spiked club!!
You die...

..........'.........'.......#.###
###....####......<..####.........
#.#.## ##.......## ##.###.##.
#.##### ##.....#######.###.##.
#.....# ##...####≈∩≈#.....##.
#####.# ##'####.......#####. #.#
#.##............... #.#
#####.##.#.....#.###### #.#
#.....@O.##≈∩≈##.# #.#
#.##..R#.######..#
#.###.#......#,* ####
#..........#.#,* #####.##..##.#,*
#........#,* ####......,*
#######**


You could see the friendly Nikki the ancestor and a two-headed ogre (ally
target).

Vanquished Creatures
  Edmund (D:4)
  An acid dragon (D:6)
  A water moccasin (D:5)
  2 ice beasts
  A black bear (D:6)
  A centaur (D:6)
  2 phantoms (D:4)
  A kobold brigand (D:5)
  2 necrophages
  3 scorpions
  A wight (D:6)
  A howler monkey (D:6)
  2 hounds (D:5)
  A gnoll bouda (D:5)
  6 iguanas
  Jessica (D:3)
  Natasha (thrice) (D:3)
  6 orc wizards
  Robin (D:2)
  11 gnolls
  5 adders
  2 ufetubi (D:4)
  5 worms
  A dart slug (D:2)
  6 orcs
  3 ball pythons
  5 endoplasms
  5 giant cockroaches
  12 goblins
  7 hobgoblins
  10 jackals
  9 kobolds
  7 quokkas
  3 bats
  4 rats
132 creatures vanquished.

Vanquished Creatures (collateral kills)
  An ice beast (D:6)
  A necrophage (D:6)
  An adder (D:6)
  An orc (D:6)
  A bush (D:6)
5 creatures vanquished.

Vanquished Creatures (others)
  An ancestor (D:6)
1 creature vanquished.

Grand Total: 138 creatures vanquished

Notes
Turn   | Place    | Note
-------+----------+-------------------------------------------
     0 | D:1      | porpoise the Tengu Air Elementalist began the quest for the
                  | Orb.
     0 | D:1      | Reached XP level 1. HP: 10/10 MP: 4/4
   247 | D:1      | Reached XP level 2. HP: 16/16 MP: 0/6
   304 | D:1      | Learned a level 2 spell: Static Discharge
   534 | D:1      | Reached skill level 1 in Fighting
  1381 | D:2      | Found an ornate altar of the Wu Jian Council.
  1561 | D:2      | Reached XP level 3. HP: 20/20 MP: 2/7
  2612 | D:3      | Reached XP level 4. HP: 26/26 MP: 8/8
  2669 | D:3      | Reached skill level 5 in Air Magic
  2684 | D:3      | Noticed Robin
  2762 | D:2      | Killed Robin
  2937 | D:3      | Learned a level 4 spell: Airstrike
  2943 | D:3      | Noticed Jessica
  2951 | D:3      | Killed Jessica
  2952 | D:3      | Gained mutation: Your magical nature lets you fly swiftly
                  | and evasively. [Tengu growth]
  2952 | D:3      | Reached XP level 5. HP: 30/30 MP: 4/9
  3110 | D:3      | Noticed Natasha
  3116 | D:3      | Killed Natasha
  3274 | D:3      | Noticed Natasha
  3279 | D:3      | Killed Natasha
  3375 | D:3      | Noticed Natasha
  3385 | D:3      | Killed Natasha
  3501 | D:3      | Reached XP level 6. HP: 35/35 MP: 6/11
  3677 | D:4      | Found Deudem's Magic Scroll Boutique.
  3684 | D:4      | Bought a scroll of teleportation for 42 gold pieces
  3684 | D:4      | Bought a scroll of blinking for 105 gold pieces
  3883 | D:4      | Reached skill level 6 in Air Magic
  4067 | D:4      | Noticed Edmund
  4080 | D:4      | Killed Edmund
  4325 | D:4      | Identified the +6 long sword of Benevolence {freeze, rN+
                  | Dex+4 Stlth+}
  4456 | D:4      | Reached skill level 5 in Conjurations
  4456 | D:4      | Reached XP level 7. HP: 40/40 MP: 11/14
  5131 | D:5      | Entered Level 5 of the Dungeon
  5154 | D:5      | Reached skill level 5 in Spellcasting
  5154 | D:5      | Reached skill level 7 in Air Magic
  5213 | D:5      | Found a glowing golden altar of the Shining One.
  5273 | D:5      | Reached XP level 8. HP: 31/45 MP: 11/16
  5313 | D:5      | Found a staircase to the Ecumenical Temple.
  5319 | Temple   | Entered the Ecumenical Temple
  5319 | Temple   | Found a transporter.
  5319 | Temple   | Found a transporter.
  5321 | Temple   | Found a transporter.
  5321 | Temple   | Found a transporter.
  5401 | Temple   | Became a worshipper of Hepliaklqana the Forgotten
  5551 | D:5      | Found a hide-covered altar of Uskayaw.
  5763 | D:5      | Identified the +1 leather armour of the Puckish God {Dex+8
                  | SInv Stlth-}
  6394 | D:5      | Found a broken altar of Ashenzari.
  6424 | D:5      | Found a glowing silver altar of Zin.
  6426 | D:5      | Reached skill level 8 in Air Magic
  6435 | D:5      | Reached skill level 1 in Invocations
  6958 | D:6      | Found a bloodstained altar of Trog.
  7044 | D:6      | Found Eraek's Specific Store.
  7058 | D:6      | Found Ligoedgh's General Store.
  7147 | D:6      | Reached * piety under Hepliaklqana
  7203 | D:6      | Reached XP level 9. HP: 46/46 MP: 17/17
  7252 | D:6      | Reached skill level 9 in Air Magic
  7558 | D:6      | Reached skill level 5 in Fighting
  7684 | D:6      | Noticed Sigmund
  7983 | D:6      | Noticed a two-headed ogre
  7988 | D:6      | Demolished by a two-headed ogre

Illustrated notes

Levels and vault maps discovered:
D:1:      onia_arrival_handbag, layout_basic
D:2:      layout_loops_corners, basic_altar, nicolae_wormholes
D:3:      layout_rooms, uniq_robin, uniq_natasha, uniq_jessica
D:4:      layout_basic, serial_shops, shop, uniq_edmund
D:5:      layout_loops_ring, tso_metal_star,
          mainiacjoe_overflow_small_starburst, mainiacjoe_overflow_two_lobes,
          minmay_temple_entry_hall
D:6:      minmay_chambers_of_sixes, layout_loops_corners, lemuel_tele_altar,
          nrook_mini_vaults, chequers_arboretum, nicolae_specific_store,
          kb_lookout_dungeons_type, uniq_sigmund
Temple:   hellmonk_temple_divided_pantheon

Skill      XL: |  1  2  3  4  5  6  7  8  9 |
---------------+----------------------------+-----
Conjurations   | 2 3 4 5 6 7 |  7.0
Fighting       | 1 2 4 5 |  5.0
Air Magic      | 5 6 7 8 9 |  9.7
Spellcasting   | 3 4 5 |  5.0
Invocations    | 2 3 |  3.8
Dodging        | |  2.1
Stealth        | |  2.0

Action                   |  1- 3 |  4- 6 |  7- 9 || total
-------------------------+-------+-------+-------++-------
Melee: Short sword       |     7 |       |       ||     7
       Quarterstaff      |    12 |     2 |    44 ||    58
       Kick              |     4 |       |    28 ||    32
       Peck              |     3 |       |    14 ||    17
 Fire: Shortbow          |       |       |    13 ||    13
Throw: Dart              |       |     9 |    17 ||    26
 Cast: Shock             |    52 |    62 |    98 ||   212
       Static Discharge  |     2 |    16 |    21 ||    39
       Airstrike         |       |       |    14 ||    14
Invok: Ancestor Identity |       |       |     1 ||     1
Evoke: Wand              |       |       |     5 ||     5
  Use: Scroll            |       |       |     5 ||     5
 Stab: Sleeping          |     3 |       |       ||     3
Armor: Robe              |    10 |     5 |    20 ||    35
Dodge: Dodged            |    22 |    27 |    40 ||    89

Table legend: (Time is in decaauts)
 A = Elapsed time spent in this place.
 B = Non-inter-level travel time spent in this place.
 C = Inter-level travel time spent in this place.
 D = Time resting spent in this place.
 E = Time spent auto-exploring this place.
 F = Levels seen in this place.
 G = Mean time per level.
                   A        B        C        D        E       F      G
               +--------+--------+--------+--------+--------+-----+--------+
         Total |   7731 |   7616 |    115 |   2456 |   3950 |   7 | 1104.4 |
       Dungeon |   7636 |   7521 |    115 |   2456 |   3944 |   6 | 1272.7 |
        Temple |     95 |     95 |      0 |      0 |      5 |   1 |   95.0 |
               +--------+--------+--------+--------+--------+-----+--------+

Top non-repeatable levels by time:
     D:2: 1405 daAuts
     D:5: 1396 daAuts
     D:4: 1371 daAuts
     D:1: 1361 daAuts
     D:6: 1223 daAuts
     D:3: 878 daAuts
  Temple: 95 daAuts
